Workbook

Sheet DFCFF Valuation
B2: #VALUE!
B3: Date | C3: =TODAY() -> 45725
B4: Year end date | C4: 45657
B6: Free Cash Flow to the Firm (in million of dollars)
B7: Particulars | C7: 2024 E | D7: 2025 E | E7: 2026 E | F7: 2027 E | G7: 2028 E
B8: Revenue | C8: ='Income Statement'!H5 -> 2625.3 | D8: ='Income Statement'!I5 -> 2756.565 | E8: ='Income Statement'!J5 -> 3018.4387 | F8: ='Income Statement'!K5 -> 3320.2825 | G8: ='Income Statement'!L5 -> 3585.9051
B9: EBIT | C9: ='Income Statement'!H10 -> 479.74323 | D9: ='Income Statement'!I10 -> 503.73039 | E9: ='Income Statement'!J10 -> 551.58478 | F9: ='Income Statement'!K10 -> 606.74325 | G9: ='Income Statement'!L10 -> 655.28272
B10: Taxes (25%) | C10: ='Income Statement'!$C$29*'DFCFF Valuation'!C9 -> 119.93581 | D10: ='Income Statement'!$C$29*'DFCFF Valuation'!D9 -> 125.9326 | E10: ='Income Statement'!$C$29*'DFCFF Valuation'!E9 -> 137.89619 | F10: ='Income Statement'!$C$29*'DFCFF Valuation'!F9 -> 151.68581 | G10: ='Income Statement'!$C$29*'DFCFF Valuation'!G9 -> 163.82068
B11: EBIAT | C11: =C9-C10 -> 359.80742 | D11: =D9-D10 -> 377.79779 | E11: =E9-E10 -> 413.68858 | F11: =F9-F10 -> 455.05744 | G11: =G9-G10 -> 491.46204
B12: Depreciation | C12: ='Balance Sheet'!I19-'Balance Sheet'!H19 -> -59.528303 | D12: ='Balance Sheet'!J19-'Balance Sheet'!I19 -> -53.658082 | E12: ='Balance Sheet'!K19-'Balance Sheet'!J19 -> -59.158698 | F12: ='Balance Sheet'!L19-'Balance Sheet'!K19 -> -66.243287 | G12: ='Balance Sheet'!M19-'Balance Sheet'!L19 -> -73.677049
B13: △ in CAPEX | C13: =SUM('Balance Sheet'!I16:I18)-SUM('Balance Sheet'!H16:H18) -> -292.73839 | D13: =SUM('Balance Sheet'!J16:J18)-SUM('Balance Sheet'!I16:I18) -> 99.194747 | E13: =SUM('Balance Sheet'!K16:K18)-SUM('Balance Sheet'!J16:J18) -> 150.00434 | F13: =SUM('Balance Sheet'!L16:L18)-SUM('Balance Sheet'!K16:K18) -> 170.95485 | G13: =SUM('Balance Sheet'!M16:M18)-SUM('Balance Sheet'!L16:L18) -> 165.82322
B14: △ in NWC | C14: ='Balance Sheet'!C107 -> 78.867723 | D14: ='Balance Sheet'!D107 -> 11.493386 | E14: ='Balance Sheet'!E107 -> 13.929305 | F14: ='Balance Sheet'!F107 -> 50.429041 | G14: ='Balance Sheet'!G107 -> 23.257556
B15: FCFF | C15: =(C11-C12-C13-C14) -> 633.20639 | D15: =(D11-D12-D13+D14) -> 343.75451 | E15: =(E11-E12-E13+E14) -> 336.77224 | F15: =(F11-F12-F13+F14) -> 400.77492 | G15: =(G11-G12-G13+G14) -> 422.57342
B16: Terminal value | G16: =(G15*(1+'WACC & TV growth rate'!F29))/('WACC & TV growth rate'!F16-'WACC & TV growth rate'!F29) -> 3651.342
B17: FCFF + Terminal value | C17: =(C15+C16)*YEARFRAC(C3,C4,) -> 121.36456 | D17: =D15+D16 -> 343.75451 | E17: =E15+E16 -> 336.77224 | F17: =F15+F16 -> 400.77492 | G17: =G15+G16 -> 4073.9154
B18: PV of FCFF | C18: =C17/(1+'WACC & TV growth rate'!$F$16)^C21 -> 119.89961 | D18: =D17/(1+'WACC & TV growth rate'!$F$16)^D21 -> 314.90758 | E18: =E17/(1+'WACC & TV growth rate'!$F$16)^E21 -> 271.79211 | F18: =F17/(1+'WACC & TV growth rate'!$F$16)^F21 -> 284.94887 | G18: =G17/(1+'WACC & TV growth rate'!$F$16)^G21 -> 2551.786
B20: Forecasting period | C20: 1 | D20: 2 | E20: 3 | F20: 4 | G20: 5
B21: Forecasting period (adjusted) | C21: =YEARFRAC(C3,C4,)/2 -> 0.095833333 | D21: =YEARFRAC(C3,C4,)+0.5 -> 0.69166667 | E21: =D21+1 -> 1.6916667 | F21: =E21+1 -> 2.6916667 | G21: =F21+1 -> 3.6916667
B23: WACC | C23: ='WACC & TV growth rate'!F16 -> 0.13510008
B24: Terminal Growth rate | C24: ='WACC & TV growth rate'!F29 -> 0.01736
B25: PV of explicit period and TV (2024-2028) | C25: =SUM(C18:G18) -> 3543.3342
B26: Enterprise Value | C26: =C25 -> 3543.3342
B27: (+) Cash | C27: ='Balance Sheet'!H7 -> 645
B28: (-) Debt | C28: ='WACC & TV growth rate'!F11 -> 771
B29: Equity Value | C29: =C26+C27-C28 -> 3417.3342
B30: Diluted Shares | C30: {=_FV(B2,"Shares outstanding",TRUE)/1000000} -> 54.44839
B32: Revenue Switch | C32: 3
B33: Implied Stock Price (Fair Value) | C33: =C29/C30 -> 62.762814
B34: #VALUE! | C34: {=_FV(B34,"Price")} -> 67.11
B35: Margin of deviation range in % (+/-) | C35: 0.1
B36: Margin of deviation range in $ (+/-) | C36: =C35*C33 -> 6.2762814
B37: Recommendation | C37: {=_xlfn.IFS(C34>(C33+C36),"SELL",C34<(C33-C36),"BUY",(C33-C36)<C34>(C33+C36),"HOLD")} -> HOLD

Sheet Income Statement
B2: #VALUE!
B3: Consolidated Income Statement (in millions of Canadian dollars, except per share amount)
B4: Particulars | C4: 2019 | D4: =C4+1 -> 2020 | E4: =D4+1 -> 2021 | F4: =E4+1 -> 2022 | G4: =F4+1 -> 2023 | H4: 2024 E | I4: 2025 E | J4: 2026 E | K4: 2027 E | L4: 2028 E
B5: Revenue | C5: 1841 | D5: 1517 | E5: 4123 | F5: 3463 | G5: 2917 | H5: =G5*(1+H33) -> 2625.3 | I5: =H5*(1+I33) -> 2756.565 | J5: =I5*(1+J33) -> 3018.4387 | K5: =J5*(1+K33) -> 3320.2825 | L5: =K5*(1+L33) -> 3585.9051
B6: Cost of goods sold | C6: 1695 | D6: 1473 | E6: 2016 | F6: 2213 | G6: 2483 | H6: =H5*H37 -> 2032.4617 | I6: =I5*I37 -> 2134.0848 | J6: =J5*J37 -> 2336.8229 | K6: =K5*K37 -> 2570.5052 | L6: =L5*L37 -> 2776.1456
B7: Depreciation expense (on Inventory) | C7: 50 | D7: 3 | E7: 66 | F7: 90 | G7: 34 | H7: =H6*H38 -> 48.224288 | I7: =I6*I38 -> 50.635503 | J7: =J6*J38 -> 55.445875 | K7: =K6*K38 -> 60.990463 | L7: =L6*L38 -> 65.8697
B8: Gross profit | C8: =C5-C6-C7 -> 96 | D8: =D5-D6-D7 -> 41 | E8: =E5-E6-E7 -> 2041 | F8: =F5-F6-F7 -> 1160 | G8: =G5-G6-G7 -> 400 | H8: =H5-H6-H7 -> 544.61397 | I8: =I5-I6-I7 -> 571.84467 | J8: =J5-J6-J7 -> 626.16991 | ... L8: =L5-L6-L7 -> 743.88986
B9: Selling, General and Administrative expenses | C9: 46 | D9: 48 | E9: 58 | F9: 75 | G9: 91 | H9: =H5*H39 -> 64.870744 | I9: =I5*I39 -> 68.114281 | J9: =J5*J39 -> 74.585138 | K9: =K5*K39 -> 82.043651 | L9: =L5*L39 -> 88.607144
B10: Operating Income (EBIT) | C10: =C8-C9 -> 50 | D10: =D8-D9 -> -7 | E10: =E8-E9 -> 1983 | F10: =F8-F9 -> 1085 | G10: =G8-G9 -> 309 | H10: =H8-H9 -> 479.74323 | I10: =I8-I9 -> 503.73039 | J10: =J8-J9 -> 551.58478 | ... L10: =L8-L9 -> 655.28272
B11: Finance costs excluding Interest costs | C11: =C41 -> -4 | D11: =D41 -> -19 | E11: =E41 -> -131 | F11: =F41 -> -64 | G11: =G41 -> -94 | H11: =H41 -> -51.023444 | I11: =I41 -> -53.574617 | J11: =J41 -> -58.664205 | ... L11: =L41 -> -69.693076
B12: Interest on mortgage | C12: =C43 -> -9 | D12: =D43 -> -9 | E12: =E43 -> -9 | F12: =F43 -> -9 | G12: =G43 -> -9 | H12: =H43 -> -9 | I12: =I43 -> -9 | J12: =J43 -> -9 | ... L12: =L43 -> -9
B13: Interest Cost on Asset-based lending facility (ABL) | C13: =C44 -> -15 | D13: =D44 -> -23 | E13: =E44 -> -22 | F13: =F44 -> -5 | G13: =G44 -> -7 | H13: =H44 -> -4.0283019 | I13: =I44 -> -3.3392502 | J13: =J44 -> -1.0274616 | ... L13: =L44 -> 0
B14: Finance and other income (loss) | C14: 7 | D14: -87 | E14: -32 | F14: 7 | G14: 9 | H14: =H47 -> -19.2 | I14: =I47 -> -19.2 | J14: =J47 -> -19.2 | K14: =K47 -> -19.2 | L14: =L47 -> -19.2
B15: Other costs | C15: -6 | D15: -13 | E15: -7 | F15: -15 | G15: -11 | H15: =H48 -> -10.4 | I15: =I48 -> -10.4 | J15: =J48 -> -10.4 | K15: =K48 -> -10.4 | L15: =L48 -> -10.4
B16: Share of income from joint ventures | C16: -3 | D16: -1 | E16: 0 | F16: 1 | G16: 2 | H16: =G16-($G16-$L16)/(2028-2023) -> 2.4 | I16: =H16-($G16-$L16)/(2028-2023) -> 2.8 | J16: =I16-($G16-$L16)/(2028-2023) -> 3.2 | K16: =J16-($G16-$L16)/(2028-2023) -> 3.6 | L16: 4
B17: Gain on sale of land and buildings | C17: 0 | D17: 0 | E17: 0 | F17: 260 | G17: 0 | H17: 0 | I17: 0 | J17: 0 | K17: 0 | L17: 0
B18: Income before Income Tax (EBT) | C18: =SUM(C10:C17) -> 20 | D18: =SUM(D10:D17) -> -159 | E18: =SUM(E10:E17) -> 1782 | F18: =SUM(F10:F17) -> 1260 | G18: =SUM(G10:G17) -> 199 | H18: =SUM(H10:H17) -> 388.49148 | I18: =SUM(I10:I17) -> 411.01652 | J18: =SUM(J10:J17) -> 456.49311 | ... L18: =SUM(L10:L17) -> 550.98964
B19: Current income tax expense | C19: 0 | D19: 0 | E19: 252 | F19: 171 | G19: 11 | H19: =H18*H50 -> 97.122871 | I19: =I18*I50 -> 102.75413 | J19: =J18*J50 -> 114.12328 | K19: =K18*K50 -> 126.80316 | L19: =L18*L50 -> 137.74741
B20: Deferred Income Tax expenses (recovery) | C20: 0 | D20: 0 | E20: -79 | F20: 92 | G20: 39 | H20: 0 | I20: 0 | J20: 0 | K20: 0 | L20: 0
B21: Net income | C21: =C18-C19-C20 -> 20 | D21: =D18-D19-D20 -> -159 | E21: =E18-E19-E20 -> 1609 | F21: =F18-F19-F20 -> 997 | G21: =G18-G19-G20 -> 149 | H21: =H18-H19-H20 -> 291.36861 | I21: =I18-I19-I20 -> 308.26239 | J21: =J18-J19-J20 -> 342.36983 | ... L21: =L18-L19-L20 -> 413.24223
B22: Taxes | D22: =(D19+D20)/D18 -> 0 | E22: =(E19+E20)/E18 -> 0.09708193 | F22: =(F19+F20)/F18 -> 0.20873016 | G22: =(G19+G20)/G18 -> 0.25125628 | H22: =(H19+H20)/H18 -> 0.25 | I22: =(I19+I20)/I18 -> 0.25 | J22: =(J19+J20)/J18 -> 0.25 | K22: =(K19+K20)/K18 -> 0.25 | L22: =(L19+L20)/L18 -> 0.25
B23: Net income per common share
B24: Basic | C24: 0.23 | D24: -1.79 | E24: 19.08 | F24: 14.64 | G24: 2.7 | H24: =H21/H26 -> 5.6263973 | I24: =I21/I26 -> 5.9526203 | J24: =J21/J26 -> 6.6112431 | K24: =K21/K26 -> 7.3457975 | L24: =L21/L26 -> 7.9798059
B25: Diluted | C25: 0.23 | D25: -1.79 | E25: 19.08 | F25: 14.64 | G25: 2.7 | H25: =H24 -> 5.6263973 | I25: =I24 -> 5.9526203 | J25: =J24 -> 6.6112431 | K25: =K24 -> 7.3457975 | L25: =L24 -> 7.9798059
B26: No. of outstanding shares (in millions) at year end | C26: 88.71 | D26: 88.71 | E26: 77.32 | F26: 55.13 | G26: 55.13 | H26: =G26-3.344 -> 51.786 | I26: =$H$26 -> 51.786 | J26: =$H$26 -> 51.786 | K26: =$H$26 -> 51.786 | L26: =$H$26 -> 51.786
B27: Weighted average shares outstanding (in millions) | C27: ='Balance Sheet'!D69 -> 88.7 | D27: ='Balance Sheet'!E69 -> 88.7 | E27: ='Balance Sheet'!F69 -> 84.3 | F27: ='Balance Sheet'!G69 -> 68.1 | G27: ='Balance Sheet'!H69 -> 55.1
B29: Tax rate | C29: 0.25
B31: Assumptions and inputs
C32: =C4 -> 2019 | D32: =D4 -> 2020 | E32: =E4 -> 2021 | F32: =F4 -> 2022 | G32: =G4 -> 2023 | H32: =H4 -> 2024 E | I32: =I4 -> 2025 E | J32: =J4 -> 2026 E | K32: =K4 -> 2027 E | L32: 2028 E
B33: =B5&" % change" -> Revenue % change | C33: =(C5/Revenue!C4)-1 -> -0.25162602 | D33: =(D5/C5)-1 -> -0.17599131 | E33: =(E5/D5)-1 -> 1.7178642 | F33: =(F5/E5)-1 -> -0.16007761 | G33: =(G5/F5)-1 -> -0.15766676 | H33: =OFFSET(H33,'DFCFF Valuation'!$C$32,0) -> -0.1 | I33: =OFFSET(I33,'DFCFF Valuation'!$C$32,0) -> 0.05 | J33: =OFFSET(J33,'DFCFF Valuation'!$C$32,0) -> 0.095 | K33: =OFFSET(K33,'DFCFF Valuation'!$C$32,0) -> 0.1 | L33: =OFFSET(L33,'DFCFF Valuation'!$C$32,0) -> 0.08
B34: Conservative | H34: =Revenue!I6 -> -0.2 | I34: =Revenue!J6 -> -0.05 | J34: =Revenue!K6 -> -0.0125 | K34: =Revenue!L6 -> 0.025 | L34: =Revenue!M6 -> -0.05
B35: Base (average of Historical numbers and Street estimates) | H35: =Revenue!I7 -> -0.18362587 | I35: =Revenue!J7 -> 0.010851492 | J35: =Revenue!K7 -> 0.069758775 | K35: =Revenue!L7 -> 0.067102302 | L35: =Revenue!M7 -> 0.0050368719
B36: Optimist | H36: =Revenue!I8 -> -0.1 | I36: =Revenue!J8 -> 0.05 | J36: =Revenue!K8 -> 0.095 | K36: =Revenue!L8 -> 0.1 | L36: =Revenue!M8 -> 0.08
B37: =B6 & " as of % of revenue" -> Cost of goods sold as of % of revenue | C37: =C6/C5 -> 0.92069527 | D37: =D6/D5 -> 0.97099539 | E37: =E6/E5 -> 0.48896435 | F37: =F6/F5 -> 0.63904129 | G37: =G6/G5 -> 0.851217 | H37: =AVERAGE(C37:G37) -> 0.77418266 | I37: =H37 -> 0.77418266 | J37: =H37 -> 0.77418266 | K37: =I37 -> 0.77418266 | L37: =J37 -> 0.77418266
B38: Depreciation as % COGS | C38: =C7/C6 -> 0.029498525 | D38: =D7/D6 -> 0.0020366599 | E38: =E7/E6 -> 0.032738095 | F38: =F7/F6 -> 0.040668775 | G38: =G7/G6 -> 0.013693113 | H38: =AVERAGE(C38:G38) -> 0.023727034 | I38: =$H$38 -> 0.023727034 | J38: =$H$38 -> 0.023727034 | K38: =$H$38 -> 0.023727034 | L38: =$H$38 -> 0.023727034
B39: =B9 & " as of % of revenue" -> Selling, General and Administrative expenses as of % of revenue | C39: =C9/C5 -> 0.02498642 | D39: =D9/D5 -> 0.031641397 | E39: =E9/E5 -> 0.014067427 | F39: =F9/F5 -> 0.021657522 | G39: =G9/G5 -> 0.031196435 | H39: =AVERAGE(C39:G39) -> 0.02470984 | I39: =H39 -> 0.02470984 | J39: =H39 -> 0.02470984 | K39: =I39 -> 0.02470984 | L39: =J39 -> 0.02470984
B41: =B11 -> Finance costs excluding Interest costs | C41: =-28-C43-C44 -> -4 | D41: =-51-D43-D44 -> -19 | E41: =-162-E43-E44 -> -131 | F41: =-78-F43-F44 -> -64 | G41: =-110-G43-G44 -> -94 | H41: =H5*H42 -> -51.023444 | I41: =I5*I42 -> -53.574617 | J41: =J5*J42 -> -58.664205 | K41: =K5*K42 -> -64.530626 | L41: =L5*L42 -> -69.693076
B42: =B11&" as a % of revenue" -> Finance costs excluding Interest costs as a % of revenue | C42: =C41/C5 -> -0.0021727322 | D42: =D41/D5 -> -0.01252472 | E42: =E41/E5 -> -0.031772981 | F42: =F41/F5 -> -0.018481086 | G42: =G41/G5 -> -0.032224889 | H42: =AVERAGE($C$42:$G$42) -> -0.019435281 | I42: =AVERAGE($C$42:$G$42) -> -0.019435281 | J42: =AVERAGE($C$42:$G$42) -> -0.019435281 | K42: =AVERAGE($C$42:$G$42) -> -0.019435281 | L42: =AVERAGE($C$42:$G$42) -> -0.019435281
B43: =B12 -> Interest on mortgage | C43: -9 | D43: -9 | E43: -9 | F43: -9 | G43: -9 | H43: =$G$43 -> -9 | I43: =$G$43 -> -9 | J43: =$G$43 -> -9 | K43: =$G$43 -> -9 | L43: =$G$43 -> -9
B44: =B13 -> Interest Cost on Asset-based lending facility (ABL) | C44: -15 | D44: -23 | E44: -22 | F44: -5 | G44: -7 | H44: =G45*('Balance Sheet'!I41+('Balance Sheet'!I32/2)) -> -4.0283019 | I44: =H45*('Balance Sheet'!J41+('Balance Sheet'!J32/2)) -> -3.3392502 | J44: =I45*('Balance Sheet'!K41+('Balance Sheet'!K32/2)) -> -1.0274616 | K44: =J45*('Balance Sheet'!L41+('Balance Sheet'!L32/2)) -> 0 | L44: =K45*('Balance Sheet'!M41+('Balance Sheet'!M32/2)) -> 0
B45: Interest on ABL as a % of ABL | C45: =C44/('Balance Sheet'!D41+'Balance Sheet'!D32) -> -0.15306122 | D45: =D44/('Balance Sheet'!E41+'Balance Sheet'!E32) -> -0.1796875 | E45: =E44/('Balance Sheet'!F41+'Balance Sheet'!F32) -> -0.26190476 | F45: =F44/('Balance Sheet'!G41+'Balance Sheet'!G32) -> -0.072463768 | G45: =G44/('Balance Sheet'!H41+'Balance Sheet'!H32) -> -0.13207547 | H45: =H44/('Balance Sheet'!I41+'Balance Sheet'!I32) -> -0.10600794 | I45: =I44/('Balance Sheet'!J41+'Balance Sheet'!J32) -> -0.085621801 | J45: =J44/('Balance Sheet'!K41+'Balance Sheet'!K32) -> -0.042810901 | K45: 0 | L45: 0
B47: Finance and other income (loss) | C47: 7 | D47: -87 | E47: -32 | F47: 7 | G47: 9 | H47: =AVERAGE(C47:G47) -> -19.2 | I47: =H47 -> -19.2 | J47: =H47 -> -19.2 | K47: =H47 -> -19.2 | L47: =I47 -> -19.2
B48: Other costs | C48: -6 | D48: -13 | E48: -7 | F48: -15 | G48: -11 | H48: =AVERAGE(C48:G48) -> -10.4 | I48: =H48 -> -10.4 | J48: =H48 -> -10.4 | K48: =H48 -> -10.4 | L48: =I48 -> -10.4
B50: =B19&" as a % of EBT" -> Current income tax expense as a % of EBT | C50: =C19/C18 -> 0 | D50: =D19/D18 -> 0 | E50: =E19/E18 -> 0.14141414 | F50: =F19/F18 -> 0.13571429 | G50: =G19/G18 -> 0.055276382 | H50: =$C$29 -> 0.25 | I50: =$C$29 -> 0.25 | J50: =$C$29 -> 0.25 | K50: =$C$29 -> 0.25 | L50: =$C$29 -> 0.25
B51: =B20&" as a % of EBT" -> Deferred Income Tax expenses (recovery) as a % of EBT | C51: =C20/C18 -> 0 | D51: =D20/D18 -> 0 | E51: =E20/E18 -> -0.044332211 | F51: =F20/F18 -> 0.073015873 | G51: =G20/G18 -> 0.1959799 | H51: =H20/H18 -> 0 | I51: =I20/I18 -> 0 | J51: =J20/J18 -> 0 | ... L51: =L20/L18 -> 0
B53: Profit Margins | C53: =C4 -> 2019 | D53: =D4 -> 2020 | E53: =E4 -> 2021 | F53: =F4 -> 2022 | G53: =G4 -> 2023 | H53: =H4 -> 2024 E | I53: =I4 -> 2025 E | J53: =J4 -> 2026 E | K53: =K4 -> 2027 E | L53: 2028 E
B54: =B8 & " as of % of revenue" -> Gross profit as of % of revenue | C54: =C8/C5 -> 0.052145573 | D54: =D8/D5 -> 0.027027027 | E54: =E8/E5 -> 0.49502789 | F54: =F8/F5 -> 0.33496968 | G54: =G8/G5 -> 0.13712719 | H54: =AVERAGE(C54:G54) -> 0.20925947 | I54: =H54 -> 0.20925947 | J54: =H54 -> 0.20925947 | K54: =I54 -> 0.20925947 | L54: =J54 -> 0.20925947
B55: =B10 & " as of % of revenue" -> Operating Income (EBIT) as of % of revenue | C55: =C10/C5 -> 0.027159153 | D55: =D10/D5 -> -0.0046143705 | E55: =E10/E5 -> 0.48096047 | F55: =F10/F5 -> 0.31331216 | G55: =G10/G5 -> 0.10593075 | H55: =H10/H5 -> 0.18273844 | I55: =I10/I5 -> 0.18273844 | J55: =J10/J5 -> 0.18273844 | ... L55: =L10/L5 -> 0.18273844
B56: =B18&" as a % of revenue" -> Income before Income Tax (EBT) as a % of revenue | C56: =C18/C5 -> 0.010863661 | D56: =D18/D5 -> -0.10481213 | E56: =E18/E5 -> 0.43220956 | F56: =F18/F5 -> 0.36384638 | G56: =G18/G5 -> 0.068220775 | H56: =H18/H5 -> 0.14797984 | I56: =I18/I5 -> 0.1491046 | J56: =J18/J5 -> 0.15123485 | ... L56: =L18/L5 -> 0.15365427
B57: =B21&" as a % of revenue" -> Net income as a % of revenue | C57: =C21/C5 -> 0.010863661 | D57: =D21/D5 -> -0.10481213 | E57: =E21/E5 -> 0.39024982 | F57: =F21/F5 -> 0.28790066 | G57: =G21/G5 -> 0.051079877 | H57: =H21/H5 -> 0.11098488 | I57: =I21/I5 -> 0.11182845 | J57: =J21/J5 -> 0.11342614 | ... L57: =L21/L5 -> 0.1152407

Sheet Balance Sheet
B2: #VALUE!
B3: Consolidated Balance Sheet (in millions of dollars)
B4: Description | C4: A. | D4: 2019 | E4: 2020 | F4: 2021 | G4: 2022 | H4: 2023 | I4: 2024 E | J4: 2025 E | K4: 2026 E | L4: 2027 E | M4: 2028 E
B5: Assets
B6: Current assets
B7: Cash | D7: 257 | E7: 59 | F7: 955 | G7: 809 | H7: 645 | I7: =I55-(I24+SUM(I8:I11)) -> 985.82884 | J7: =J55-(J24+SUM(J8:J11)) -> 1245.7784 | K7: =K55-(K24+SUM(K8:K11)) -> 1495.1776 | L7: =L55-(L24+SUM(L8:L11)) -> 1763.6371 | M7: =M55-(M24+SUM(M8:M11)) -> 2204.1274
B8: Restricted cash | D8: 8 | E8: 8 | F8: 20 | G8: 9 | H8: 10 | I8: =AVERAGE($D$110:$H$110)*'Income Statement'!H5 -> 10.762128 | J8: =AVERAGE($D$110:$H$110)*'Income Statement'!I5 -> 11.300235 | K8: =AVERAGE($D$110:$H$110)*'Income Statement'!J5 -> 12.373757 | L8: =AVERAGE($D$110:$H$110)*'Income Statement'!K5 -> 13.611133 | M8: =AVERAGE($D$110:$H$110)*'Income Statement'!L5 -> 14.700024
B9: Trade and other receivables | D9: 158 | E9: 183 | F9: 412 | G9: 147 | H9: 185 | I9: =AVERAGE($D$111:$H$111)*'Income Statement'!H5 -> 216.45759 | J9: =AVERAGE($D$111:$H$111)*'Income Statement'!I5 -> 227.28047 | K9: =AVERAGE($D$111:$H$111)*'Income Statement'!J5 -> 248.87211 | L9: =AVERAGE($D$111:$H$111)*'Income Statement'!K5 -> 273.75932 | M9: =AVERAGE($D$111:$H$111)*'Income Statement'!L5 -> 295.66007
B10: Inventories | D10: 483 | E10: 509 | F10: 617 | G10: 789 | H10: 832 | I10: =AVERAGE($D$112:$H$112)*'Income Statement'!H5 -> 661.88962 | J10: =AVERAGE($D$112:$H$112)*'Income Statement'!I5 -> 694.9841 | K10: =AVERAGE($D$112:$H$112)*'Income Statement'!J5 -> 761.00759 | L10: =AVERAGE($D$112:$H$112)*'Income Statement'!K5 -> 837.10835 | M10: =AVERAGE($D$112:$H$112)*'Income Statement'!L5 -> 904.07702
B11: Prepaid expenses and deposits | D11: 8 | E11: 32 | F11: 11 | G11: 42 | H11: 24 | I11: =AVERAGE($D$113:$H$113)*'Income Statement'!H5 -> 25.446263 | J11: =AVERAGE($D$113:$H$113)*'Income Statement'!I5 -> 26.718576 | K11: =AVERAGE($D$113:$H$113)*'Income Statement'!J5 -> 29.256841 | L11: =AVERAGE($D$113:$H$113)*'Income Statement'!K5 -> 32.182525 | M11: =AVERAGE($D$113:$H$113)*'Income Statement'!L5 -> 34.757127
B12: Total current assets | D12: =SUM(D7:D11) -> 914 | E12: =SUM(E7:E11) -> 791 | F12: =SUM(F7:F11) -> 2015 | G12: =SUM(G7:G11) -> 1796 | H12: =SUM(H7:H11) -> 1696 | I12: =SUM(I7:I11) -> 1900.3844 | J12: =SUM(J7:J11) -> 2206.0617 | K12: =SUM(K7:K11) -> 2546.6879 | ... M12: =SUM(M7:M11) -> 3453.3216
B14: Non-current assets
B15: Derivative asset | D15: 0 | E15: 133 | F15: 126 | G15: 108 | H15: 71 | I15: =AVERAGE($E$15:$H$15) -> 109.5 | J15: =AVERAGE($E$15:$H$15) -> 109.5 | K15: =AVERAGE($E$15:$H$15) -> 109.5 | L15: =AVERAGE($E$15:$H$15) -> 109.5 | M15: =0 -> 0
B16: Land | D16: ='Fixed Assets'!C13 -> 110 | E16: ='Fixed Assets'!D13 -> 111 | F16: ='Fixed Assets'!E13 -> 111 | G16: ='Fixed Assets'!F13 -> 50 | H16: ='Fixed Assets'!G13 -> 50 | I16: =H16 -> 50 | J16: =$I$16 -> 50 | K16: =$I$16 -> 50 | L16: =$I$16 -> 50 | M16: =$I$16 -> 50
B17: Construction-in-progress | D17: ='Fixed Assets'!C18 -> 122 | E17: ='Fixed Assets'!D18 -> 191 | F17: ='Fixed Assets'!E18 -> 284 | G17: ='Fixed Assets'!F18 -> 77 | H17: ='Fixed Assets'!G18 -> 78 | I17: =AVERAGE(D17:H17) -> 150.4 | J17: =$I$17 -> 150.4 | K17: =$I$17 -> 150.4 | L17: =$I$17 -> 150.4 | M17: =$I$17 -> 150.4
B18: Gross PP&E | D18: =SUM('Fixed Assets'!C14:C17) -> 531 | E18: =SUM('Fixed Assets'!D14:D17) -> 674 | F18: =SUM('Fixed Assets'!E14:E17) -> 810 | G18: =SUM('Fixed Assets'!F14:F17) -> 1347 | H18: =SUM('Fixed Assets'!G14:G17) -> 1531 | I18: =I20-I19-I17-I16 -> 1165.8616 | J18: =J20-J19-J17-J16 -> 1265.0564 | K18: =K20-K19-K17-K16 -> 1415.0607 | L18: =L20-L19-L17-L16 -> 1586.0155 | M18: =M20-M19-M17-M16 -> 1751.8388
B19: Accumulated Depreciation | D19: ='Fixed Assets'!C21 -> -93 | E19: ='Fixed Assets'!D21 -> -131 | F19: ='Fixed Assets'!E21 -> -197 | G19: ='Fixed Assets'!F21 -> -275 | H19: ='Fixed Assets'!G21 -> -396 | I19: =H19-'Fixed Assets'!$C$43*AVERAGE('Balance Sheet'!H18:I18) -> -455.5283 | J19: =I19-'Fixed Assets'!$C$43*AVERAGE('Balance Sheet'!I18:J18) -> -509.18639 | K19: =J19-'Fixed Assets'!$C$43*AVERAGE('Balance Sheet'!J18:K18) -> -568.34508 | L19: =K19-'Fixed Assets'!$C$43*AVERAGE('Balance Sheet'!K18:L18) -> -634.58837 | M19: =L19-'Fixed Assets'!$C$43*AVERAGE('Balance Sheet'!L18:M18) -> -708.26542
B20: Property, plant and equipment, net | D20: 670 | E20: 845 | F20: 1008 | G20: 1199 | H20: 1263 | I20: ='Income Statement'!H5*'Fixed Assets'!$C$25 -> 910.7333 | J20: ='Income Statement'!I5*'Fixed Assets'!$C$25 -> 956.26997 | K20: ='Income Statement'!J5*'Fixed Assets'!$C$25 -> 1047.1156 | L20: ='Income Statement'!K5*'Fixed Assets'!$C$25 -> 1151.8272 | M20: ='Income Statement'!L5*'Fixed Assets'!$C$25 -> 1243.9734
B21: Intangible assets | D21: 7 | E21: 8 | F21: 8 | G21: 8 | H21: 13 | I21: =$H$21 -> 13 | J21: =$H$21 -> 13 | K21: =$H$21 -> 13 | L21: =$H$21 -> 13 | M21: =$H$21 -> 13
B22: Investment in joint ventures | D22: 3 | E22: 2 | F22: 2 | G22: 18 | H22: 19 | I22: =$H$22 -> 19 | J22: =$H$22 -> 19 | K22: =$H$22 -> 19 | L22: =$H$22 -> 19 | M22: =$H$22 -> 19
B23: Deferred tax asset | D23: 0 | E23: 0 | F23: 78 | G23: 2 | H23: 3 | I23: =H23 -> 3 | J23: =$I$23 -> 3 | K23: =$I$23 -> 3 | L23: =$I$23 -> 3 | M23: =$I$23 -> 3
B24: Total non-current assets | D24: =D15+D20+D21+D22+D23 -> 680 | E24: =E15+E20+E21+E22+E23 -> 988 | F24: =F15+F20+F21+F22+F23 -> 1222 | G24: =G15+G20+G21+G22+G23 -> 1335 | H24: =H15+H20+H21+H22+H23 -> 1369 | I24: =I15+I20+I21+I22+I23 -> 1055.2333 | J24: =J15+J20+J21+J22+J23 -> 1100.77 | K24: =K15+K20+K21+K22+K23 -> 1191.6156 | ... M24: =M15+M20+M21+M22+M23 -> 1278.9734
B25: Total assets | D25: =D24+D12 -> 1594 | E25: =E24+E12 -> 1779 | F25: =F24+F12 -> 3237 | G25: 3131 | H25: 3065 | I25: =I24+I12 -> 2955.6177 | J25: =J24+J12 -> 3306.8317 | K25: =K24+K12 -> 3738.3035 | L25: =L24+L12 -> 4216.6256 | M25: =M24+M12 -> 4732.295
B27: Liabilities
B28: Current liabilities
B29: Trade and other payables | D29: 444 | E29: 668 | F29: 717 | G29: 663 | H29: 780 | I29: =AVERAGE($D$83,$F$83,$G$83,$H$83)*'Income Statement'!H5 -> 573.57967 | J29: =AVERAGE($D$83,$F$83,$G$83,$H$83)*'Income Statement'!I5 -> 602.25865 | K29: =AVERAGE($D$83,$F$83,$G$83,$H$83)*'Income Statement'!J5 -> 659.47322 | L29: =AVERAGE($D$83,$F$83,$G$83,$H$83)*'Income Statement'!K5 -> 725.42055 | M29: =AVERAGE($D$83,$F$83,$G$83,$H$83)*'Income Statement'!L5 -> 783.45419
B30: Derivative Liabilities | D30: 0 | E30: 84 | F30: 0 | G30: 0 | H30: 0 | I30: =$H$30 -> 0 | J30: =$H$30 -> 0 | K30: =$H$30 -> 0 | L30: =$H$30 -> 0 | M30: =$H$30 -> 0
B31: Other liabilities | D31: 34 | E31: 44 | F31: 62 | G31: 83 | H31: 73 | I31: =AVERAGE($D$94:$H$94)*'Income Statement'!H5 -> 58.546186 | J31: =AVERAGE($D$94:$H$94)*'Income Statement'!I5 -> 61.473495 | K31: =AVERAGE($D$94:$H$94)*'Income Statement'!J5 -> 67.313477 | L31: =AVERAGE($D$94:$H$94)*'Income Statement'!K5 -> 74.044825 | M31: =AVERAGE($D$94:$H$94)*'Income Statement'!L5 -> 79.968411
B32: Asset-based lending facility | D32: 8 | E32: 15 | F32: 15 | G32: 15 | H32: 15 | I32: 15 | J32: 15 | K32: 24 | L32: 0 | M32: 0
B33: Income taxes payable | D33: 0 | E33: 0 | F33: 252 | G33: 2 | H33: 2 | I33: =AVERAGE($G$99,$H$99)*'Income Statement'!H5 -> 1.6580999 | J33: =AVERAGE($G$99,$H$99)*'Income Statement'!I5 -> 1.7410049 | K33: =AVERAGE($G$99,$H$99)*'Income Statement'!J5 -> 1.9064004 | L33: =AVERAGE($G$99,$H$99)*'Income Statement'!K5 -> 2.0970404 | M33: =AVERAGE($G$99,$H$99)*'Income Statement'!L5 -> 2.2648036
B34: Obligations to independent employee trusts | D34: 35 | E34: 36 | F34: 212 | G34: 143 | H34: 45 | I34: =AVERAGE($D$100,$E$100,$H$100)*'Income Statement'!H5 -> 50.903922 | J34: =AVERAGE($D$100,$E$100,$H$100)*'Income Statement'!I5 -> 53.449118 | K34: =AVERAGE($D$100,$E$100,$H$100)*'Income Statement'!J5 -> 58.526785 | L34: =AVERAGE($D$100,$E$100,$H$100)*'Income Statement'!K5 -> 64.379463 | M34: =AVERAGE($D$100,$E$100,$H$100)*'Income Statement'!L5 -> 69.52982
B35: Total current liabilities | D35: =SUM(D29:D34) -> 521 | E35: =SUM(E29:E34) -> 847 | F35: =SUM(F29:F34) -> 1258 | G35: 906 | H35: 915 | I35: =SUM(I29:I34) -> 699.68788 | J35: =SUM(J29:J34) -> 733.92227 | K35: =SUM(K29:K34) -> 811.21989 | L35: =SUM(L29:L34) -> 865.94187 | M35: =SUM(M29:M34) -> 935.21722
B37: Non-current liabilities
B38: Provisions | D38: 6 | E38: 6 | F38: 7 | G38: 18 | H38: 18 | I38: =$H$38 -> 18 | J38: =$H$38 -> 18 | K38: =$H$38 -> 18 | L38: =$H$38 -> 18 | M38: =$H$38 -> 18
B39: Pension benefits | D39: 7 | E39: 11 | F39: 11 | G39: 11 | H39: 13 | I39: =H39*(1+(_xlfn.RRI(5,$D$39,$H$39))) -> 14.713379 | J39: =I39*(1+(_xlfn.RRI(5,$D$39,$H$39))) -> 16.652578 | K39: =J39*(1+(_xlfn.RRI(5,$D$39,$H$39))) -> 18.847361 | L39: =K39*(1+(_xlfn.RRI(5,$D$39,$H$39))) -> 21.331412 | M39: =L39*(1+(_xlfn.RRI(5,$D$39,$H$39))) -> 24.142857
B40: Other liabilities | D40: 48 | E40: 59 | F40: 71 | G40: 404 | H40: 429 | I40: =AVERAGE($G$96:$H$96)*'Income Statement'!H5 -> 346.18618 | J40: =AVERAGE($G$96:$H$96)*'Income Statement'!I5 -> 363.49549 | K40: =AVERAGE($G$96:$H$96)*'Income Statement'!J5 -> 398.02756 | L40: =AVERAGE($G$96:$H$96)*'Income Statement'!K5 -> 437.83032 | M40: =AVERAGE($G$96:$H$96)*'Income Statement'!L5 -> 472.85675
B41: Asset-based lending facility | D41: 90 | E41: 113 | F41: 69 | G41: 54 | H41: 38 | I41: =H41-I32 -> 23 | J41: =8+16 -> 24 | K41: 0 | L41: 0 | M41: 0
B42: Deferred tax liability | D42: 0 | E42: 0 | F42: 0 | G42: 18 | H42: 58 | I42: =H42 -> 58 | J42: =$I$42 -> 58 | K42: =$I$42 -> 58 | L42: =$I$42 -> 58 | M42: =$I$42 -> 58
B43: Obligations to independent employee trusts | D43: 472 | E43: 462 | F43: 383 | G43: 315 | H43: 298 | I43: =AVERAGE($F$101,$G$101,$H$101)*'Income Statement'!H5 -> 250.29161 | J43: =AVERAGE($F$101,$G$101,$H$101)*'Income Statement'!I5 -> 262.80619 | K43: =AVERAGE($F$101,$G$101,$H$101)*'Income Statement'!J5 -> 287.77278 | L43: =AVERAGE($F$101,$G$101,$H$101)*'Income Statement'!K5 -> 316.55006 | M43: =AVERAGE($F$101,$G$101,$H$101)*'Income Statement'!L5 -> 341.87407
B44: Total non-current liabilities | D44: =SUM(D38:D43) -> 623 | E44: =SUM(E38:E43) -> 651 | F44: =SUM(F38:F43) -> 541 | G44: 820 | H44: 854 | I44: =SUM(I38:I43) -> 710.19118 | J44: =SUM(J38:J43) -> 742.95426 | K44: =SUM(K38:K43) -> 780.64771 | L44: =SUM(L38:L43) -> 851.71179 | M44: =SUM(M38:M43) -> 914.87367
B45: Total liabilities | D45: =D44+D35 -> 1144 | E45: =E44+E35 -> 1498 | F45: =F44+F35 -> 1799 | G45: 1726 | H45: 1769 | I45: =I35+I44 -> 1409.8791 | J45: =J35+J44 -> 1476.8765 | K45: =K35+K44 -> 1591.8676 | L45: =L35+L44 -> 1717.6537 | M45: =M35+M44 -> 1850.0909
B47: Equity
B48: Common shares ($) - ( as on 1st January - opening ) | D48: 512 | E48: 512 | F48: 512 | G48: 318 | H48: 318 | I48: =H50 -> 318 | J48: =I50 -> 298.70404 | K48: =$J$48 -> 298.70404 | L48: =$J$48 -> 298.70404 | M48: =$J$48 -> 298.70404
B49: Treasury stock ($) | D49: 0 | E49: 0 | F49: -66 | G49: -128 | H49: 0 | I49: =-3344684*G60*10^-6 -> -19.295964 | J49: 0 | K49: =$J$49 -> 0 | L49: =$J$49 -> 0 | M49: =$J$49 -> 0
B50: Common shares ($) - ( as on 31st December - closing ) | D50: =D48+D49 -> 512 | E50: =E48+E49 -> 512 | F50: =F48+F49 -> 446 | G50: =G48+G49 -> 190 | H50: =H48+H49 -> 318 | I50: =I48+I49 -> 298.70404 | J50: =$I$50 -> 298.70404 | K50: =$I$50 -> 298.70404 | L50: =$I$50 -> 298.70404 | M50: =$I$50 -> 298.70404
B51: Net Income | D51: ='Income Statement'!C21 -> 20 | E51: ='Income Statement'!D21 -> -159 | F51: ='Income Statement'!E21 -> 1609 | G51: ='Income Statement'!F21 -> 997 | H51: ='Income Statement'!G21 -> 149 | I51: ='Income Statement'!H21 -> 291.36861 | J51: ='Income Statement'!I21 -> 308.26239 | K51: ='Income Statement'!J21 -> 342.36983 | ... M51: ='Income Statement'!L21 -> 413.24223
B52: Dividends paid | D52: =D61 -> 136 | E52: =E61 -> 9 | F52: =F61 -> 56 | G52: =G61 -> 251 | H52: =H61 -> 258 | I52: =D68*I51 -> 22.333959 | J52: =I52*(1+$D$68) -> 24.0459 | K52: =J52*(1+$D$68) -> 25.889064 | L52: =K52*(1+$D$68) -> 27.87351 | M52: =L52*(1+$D$68) -> 30.010068
B53: Accumulated Retained earnings | D53: -62 | E53: -231 | F53: 992 | G53: 1087 | H53: 978 | I53: =(I51-I52)+H53 -> 1247.0347 | J53: =(J51-J52)+I53 -> 1531.2511 | K53: =(K51-K52)+J53 -> 1847.7319 | L53: =(L51-L52)+K53 -> 2200.2679 | M53: =(M51-M52)+L53 -> 2583.5
B54: Total equity | D54: =D53+D50 -> 450 | E54: =E53+E50 -> 281 | F54: =F53+F50 -> 1438 | G54: =G53+G50 -> 1277 | H54: =H53+H50 -> 1296 | I54: =I53+I50 -> 1545.7387 | J54: =J53+J50 -> 1829.9552 | K54: =K53+K50 -> 2146.4359 | ... M54: =M53+M50 -> 2882.2041
B55: Total liabilities and equity | D55: =D54+D45 -> 1594 | E55: =E54+E45 -> 1779 | F55: =F54+F45 -> 3237 | G55: 3131 | H55: 3065 | I55: =I45+I54 -> 2955.6177 | J55: =J45+J54 -> 3306.8317 | K55: =K45+K54 -> 3738.3035 | L55: =L45+L54 -> 4216.6256 | M55: =M45+M54 -> 4732.295
B56: Difference (check) | I56: =I55-I25 -> 0 | J56: =J55-J25 -> 0 | K56: =K55-K25 -> 0 | L56: =L55-L25 -> 0 | M56: =M55-M25 -> 0
D59: 2019 | E59: 2020 | F59: 2021 | G59: 2022 | H59: 2023
B60: Price of common stock repurchase per share | F60: =-F49*10^6/11398000 -> 5.7904896 | G60: =-G49*10^6/22187000 -> 5.7691441
B61: Dividends ( total paid ) | D61: 136 | E61: 9 | F61: 56 | G61: =22+21+19+189 -> 251 | H61: =189+23+23+23 -> 258
B62: Dividend per share (as per annual reports) | D62: 0.4 | E62: 0.1 | F62: 0.7 | G62: 1.32 | H62: 1.68
B63: Special dvidend per share | D63: 0 | E63: 0 | F63: 0 | G63: 3 | H63: 0
B64: Average Dividend per share | D64: =D62/'Income Statement'!C25 -> 1.7391304 | E64: =E62/'Income Statement'!D25 -> -0.055865922 | F64: =F62/'Income Statement'!E25 -> 0.036687631 | G64: =G62/'Income Statement'!F25 -> 0.090163934 | H64: =H62/'Income Statement'!G25 -> 0.62222222
B65: CAGR | D65: =_xlfn.RRI(5,D61,H61) -> 0.13662227
B66: Dividends per share ( year on year growth ) | D66: - | E66: =E62/D62-1 -> -0.75 | F66: =F62/E62-1 -> 6 | G66: =G62/F62-1 -> 0.88571429 | H66: =H62/G62-1 -> 0.27272727
B67: Dividend /Net Income | D67: =D61/'Income Statement'!C21 -> 6.8 | E67: =E61/'Income Statement'!D21 -> -0.056603774 | F67: =F61/'Income Statement'!E21 -> 0.034804226 | G67: =G61/'Income Statement'!F21 -> 0.25175527 | H67: =H61/'Income Statement'!G21 -> 1.7315436
B68: Average Dividend yr-on-yr growth | D68: =AVERAGE(E67:G67) -> 0.076651906
B69: Weighted average shares outstanding (in millions) | D69: 88.7 | E69: 88.7 | F69: 84.3 | G69: 68.1 | H69: 55.1
B70: ='Income Statement'!B26 -> No. of outstanding shares (in millions) at year end | D70: ='Income Statement'!C26 -> 88.71 | E70: ='Income Statement'!D26 -> 88.71 | F70: ='Income Statement'!E26 -> 77.32 | G70: ='Income Statement'!F26 -> 55.13 | H70: ='Income Statement'!G26 -> 55.13
D71: =D61/D70 -> 1.5330853
B72: Debt Calculations | D72: =D4 -> 2019 | E72: =E4 -> 2020 | F72: =F4 -> 2021 | G72: =G4 -> 2022 | H72: =H4 -> 2023
B73: Asset-based lending facility | D73: =D32+D41 -> 98 | E73: =E32+E41 -> 128 | F73: =F32+F41 -> 84 | G73: =G32+G41 -> 69 | H73: =H32+H41 -> 53
B74: Mortgage payable
B76: Assumptions | D76: =D4 -> 2019 | E76: =E4 -> 2020 | F76: =F4 -> 2021 | G76: =G4 -> 2022 | H76: =H4 -> 2023
B77: CA/Sales | D77: =SUM(D8:D11)/'Income Statement'!C5 -> 0.35687127 | E77: =SUM(E8:E11)/'Income Statement'!D5 -> 0.48253131 | F77: =SUM(F8:F11)/'Income Statement'!E5 -> 0.25709435 | G77: =SUM(G8:G11)/'Income Statement'!F5 -> 0.28501299 | H77: =SUM(H8:H11)/'Income Statement'!G5 -> 0.36030168
B78: CL/Sales | D78: =D35/'Income Statement'!C5 -> 0.28299837 | E78: =E35/'Income Statement'!D5 -> 0.55833883 | F78: =F35/'Income Statement'!E5 -> 0.30511763 | G78: =G35/'Income Statement'!F5 -> 0.26162287 | H78: =H35/'Income Statement'!G5 -> 0.31367844
B80: Average CA/Revenue | D80: =AVERAGE(D77:H77) -> 0.34836232
B81: Average CL/Revenue | D81: =AVERAGE(D78:H78) -> 0.34435123
B83: Trade and other payables/Sales | D83: =D29/'Income Statement'!C5 -> 0.24117328 | E83: =E29/'Income Statement'!D5 -> 0.44034278 | F83: =F29/'Income Statement'!E5 -> 0.1739025 | G83: =G29/'Income Statement'!F5 -> 0.1914525 | H83: =H29/'Income Statement'!G5 -> 0.26739801
B84: Other liabilities ( Current & Non Current Liab )
B85: Lease and other related obligations/Sales | D85: =K87/'Income Statement'!C$5 -> 0.025529603 | E85: =L87/'Income Statement'!D$5 -> 0.031641397 | F85: =M87/'Income Statement'!E$5 -> 0.010671841 | G85: =N87/'Income Statement'!F$5 -> 0.10655501 | H85: =O87/'Income Statement'!G$5 -> 0.12478574
B86: Share-based compensation/Sales | D86: =K88/'Income Statement'!C$5 -> 0.0010863661 | E86: =L88/'Income Statement'!D$5 -> 0.0026367831 | F86: =M88/'Income Statement'!E$5 -> 0.0026679602 | G86: =N88/'Income Statement'!F$5 -> 0.008663009 | H86: =O88/'Income Statement'!G$5 -> 0.021597532 | K86: 2019 | L86: 2020 | M86: 2021 | N86: 2022 | O86: 2023
B87: Salaries and benefits payable/Sales | D87: =K89/'Income Statement'!C$5 -> 0.013036393 | E87: =L89/'Income Statement'!D$5 -> 0.01713909 | F87: =M89/'Income Statement'!E$5 -> 0.0094591317 | G87: =N89/'Income Statement'!F$5 -> 0.012416979 | H87: =O89/'Income Statement'!G$5 -> 0.012684265 | J87: Lease and other related obligations | K87: 47 | L87: 48 | M87: 44 | N87: 369 | O87: 364
B88: Strategic Innovation Fund loan/Sales | D88: =K90/'Income Statement'!C$5 -> 0 | E88: =L90/'Income Statement'!D$5 -> 0.0026367831 | F88: =M90/'Income Statement'!E$5 -> 0.0038806694 | G88: =N90/'Income Statement'!F$5 -> 0.0051978054 | H88: =O90/'Income Statement'!G$5 -> 0.0061707233 | J88: Share-based compensation | K88: 2 | L88: 4 | M88: 11 | N88: 30 | O88: 63
B89: Boiler project financing arrangement/Sales | D89: =K91/'Income Statement'!C$5 -> 0 | E89: =L91/'Income Statement'!D$5 -> 0.0046143705 | F89: =M91/'Income Statement'!E$5 -> 0.0029105021 | G89: =N91/'Income Statement'!F$5 -> 0.0034652036 | H89: =O91/'Income Statement'!G$5 -> 0.0041138156 | J89: Salaries and benefits payable | K89: 24 | L89: 26 | M89: 39 | N89: 43 | O89: 37
B90: Post-employment benefits/Sales | D90: =K92/'Income Statement'!C$5 -> 0.0043454644 | E90: =L92/'Income Statement'!D$5 -> 0.0052735662 | F90: =M92/'Income Statement'!E$5 -> 0.0016977929 | G90: =N92/'Income Statement'!F$5 -> 0.0020213688 | H90: =O92/'Income Statement'!G$5 -> 0.0023997257 | J90: Strategic Innovation Fund loan | K90: 0 | L90: 4 | M90: 16 | N90: 18 | O90: 18
B91: Interest payable/Sales | D91: =K93/'Income Statement'!C$5 -> 0.00054318305 | E91: =L93/'Income Statement'!D$5 -> 0.00065919578 | F91: =M93/'Income Statement'!E$5 -> 0.00024254184 | G91: =N93/'Income Statement'!F$5 -> 0.00028876697 | H91: =O93/'Income Statement'!G$5 -> 0.00034281796 | J91: Boiler project financing arrangement | K91: 0 | L91: 7 | M91: 12 | N91: 12 | O91: 12
B92: Deferred income/Sales | D92: =K94/'Income Statement'!C$5 -> 0 | E92: =L94/'Income Statement'!D$5 -> 0.0026367831 | F92: =M94/'Income Statement'!E$5 -> 0.00048508368 | G92: =N94/'Income Statement'!F$5 -> 0.0020213688 | H92: =O94/'Income Statement'!G$5 -> 0 | J92: Post-employment benefits | K92: 8 | L92: 8 | M92: 7 | N92: 7 | O92: 7
B93: Other Liabilities/Sales | D93: =K95/'Income Statement'!C$5 -> 0 | E93: =L95/'Income Statement'!D$5 -> 0.00065919578 | F93: =M95/'Income Statement'!E$5 -> 0.00024254184 | G93: =N95/'Income Statement'!F$5 -> 0 | H93: =O95/'Income Statement'!G$5 -> 0 | J93: Interest payable | K93: 1 | L93: 1 | M93: 1 | N93: 1 | O93: 1
B94: Other Liabilities - Current/Sales | D94: =D31/'Income Statement'!C5 -> 0.018468224 | E94: =E31/'Income Statement'!D5 -> 0.029004614 | F94: =F31/'Income Statement'!E5 -> 0.015037594 | G94: =G31/'Income Statement'!F5 -> 0.023967658 | H94: =H31/'Income Statement'!G5 -> 0.025025711 | J94: Deferred income | K94: 0 | L94: 4 | M94: 2 | N94: 7 | O94: 0
B95: Other Liabilities - Current growth rate | E95: =(E31-D31)/D31 -> 0.29411765 | F95: =(F31-E31)/E31 -> 0.40909091 | G95: =(G31-F31)/F31 -> 0.33870968 | H95: =(H31-G31)/G31 -> -0.12048193 | J95: Other Liabilities | K95: 0 | L95: 1 | M95: 1 | N95: 0 | O95: 0
B96: Other Liabilities - non Current/Sales | D96: =D40/'Income Statement'!C5 -> 0.026072787 | E96: =E40/'Income Statement'!D5 -> 0.038892551 | F96: =F40/'Income Statement'!E5 -> 0.017220471 | G96: =G40/'Income Statement'!F5 -> 0.11666185 | H96: =H40/'Income Statement'!G5 -> 0.14706891
B97: Other Liabilities - non Current growth rate | E97: =(E40-D40)/D40 -> 0.22916667 | F97: =(F40-E40)/E40 -> 0.20338983 | G97: =(G40-F40)/F40 -> 4.6901408 | H97: =(H40-G40)/G40 -> 0.061881188
B98: Asset Based lending facility - Current Liabiloty/Sales | D98: =D32/'Income Statement'!C5 -> 0.0043454644 | E98: =E32/'Income Statement'!D5 -> 0.0098879367 | F98: =F32/'Income Statement'!E5 -> 0.0036381276 | G98: =G32/'Income Statement'!F5 -> 0.0043315045 | H98: =H32/'Income Statement'!G5 -> 0.0051422695
B99: Income taxes payable - Current Liability/Sales | D99: =D33/'Income Statement'!C5 -> 0 | E99: =E33/'Income Statement'!D5 -> 0 | F99: =F33/'Income Statement'!E5 -> 0.061120543 | G99: =G33/'Income Statement'!F5 -> 0.00057753393 | H99: =H33/'Income Statement'!G5 -> 0.00068563593
B100: Obligations to independent employee trusts Current Liability/sales | D100: =D34/'Income Statement'!C5 -> 0.019011407 | E100: =E34/'Income Statement'!D5 -> 0.023731048 | F100: =F34/'Income Statement'!E5 -> 0.05141887 | G100: =G34/'Income Statement'!F5 -> 0.041293676 | H100: =H34/'Income Statement'!G5 -> 0.015426808
B101: Obligations to independent employee trusts non current liability/Sales | D101: =D43/'Income Statement'!C5 -> 0.2563824 | E101: =E43/'Income Statement'!D5 -> 0.30454845 | F101: =F43/'Income Statement'!E5 -> 0.092893524 | G101: =G43/'Income Statement'!F5 -> 0.090961594 | H101: =H43/'Income Statement'!G5 -> 0.10215975
B103: Calculation of NWC
B104: Particulars | C104: ='Income Statement'!H4 -> 2024 E | D104: ='Income Statement'!I4 -> 2025 E | E104: ='Income Statement'!J4 -> 2026 E | F104: ='Income Statement'!K4 -> 2027 E | G104: ='Income Statement'!L4 -> 2028 E
B105: Changes in current assets | C105: =SUM('Balance Sheet'!I8:I11)-SUM('Balance Sheet'!H8:H11) -> -136.4444 | D105: =SUM('Balance Sheet'!J8:J11)-SUM('Balance Sheet'!I8:I11) -> 45.72778 | E105: =SUM('Balance Sheet'!K8:K11)-SUM('Balance Sheet'!J8:J11) -> 91.226921 | F105: =SUM('Balance Sheet'!L8:L11)-SUM('Balance Sheet'!K8:K11) -> 105.15103 | G105: =SUM('Balance Sheet'!M8:M11)-SUM('Balance Sheet'!L8:L11) -> 92.532906
B106: Changes in current liabilities | C106: ='Balance Sheet'!I35-'Balance Sheet'!H35 -> -215.31212 | D106: ='Balance Sheet'!J35-'Balance Sheet'!I35 -> 34.234394 | E106: ='Balance Sheet'!K35-'Balance Sheet'!J35 -> 77.297616 | F106: ='Balance Sheet'!L35-'Balance Sheet'!K35 -> 54.721989 | G106: ='Balance Sheet'!M35-'Balance Sheet'!L35 -> 69.27535
B107: △ in NWC | C107: =C105-C106 -> 78.867723 | D107: =D105-D106 -> 11.493386 | E107: =E105-E106 -> 13.929305 | F107: =F105-F106 -> 50.429041 | G107: =G105-G106 -> 23.257556
B109: Current Assets
B110: Restricted Cash/Revenue | D110: =D8/'Income Statement'!C5 -> 0.0043454644 | E110: =E8/'Income Statement'!D5 -> 0.0052735662 | F110: =F8/'Income Statement'!E5 -> 0.0048508368 | G110: =G8/'Income Statement'!F5 -> 0.0025989027 | H110: =H8/'Income Statement'!G5 -> 0.0034281796
B111: Trade and other receivables/Revenue | D111: =D9/'Income Statement'!C5 -> 0.085822922 | E111: =E9/'Income Statement'!D5 -> 0.12063283 | F111: =F9/'Income Statement'!E5 -> 0.099927237 | G111: =G9/'Income Statement'!F5 -> 0.042448744 | H111: =H9/'Income Statement'!G5 -> 0.063421323
B112: Inventories/Revenue | D112: =D10/'Income Statement'!C5 -> 0.26235741 | E112: =E10/'Income Statement'!D5 -> 0.33553065 | F112: =F10/'Income Statement'!E5 -> 0.14964831 | G112: =G10/'Income Statement'!F5 -> 0.22783714 | H112: =H10/'Income Statement'!G5 -> 0.28522455
...

Sheet Fixed Assets
B2: Fixed Assets (in millions of dollars)
B3: Particulars | C3: 2019 | D3: 2020 | E3: 2021 | F3: 2022 | G3: 2023
B4: Opening Net Balance | C4: 448 | D4: 670 | E4: 845 | F4: 1008 | G4: 1199
B5: Purchases | C5: 255 | D5: 255 | E5: 251 | F5: 377 | G5: 203
B6: Disposal, write-downs and other items | C6: -6 | D6: -34 | E6: -4 | F6: -106 | G6: -18
B7: Strategic Funds Contributions | C7: 0 | D7: -8 | E7: -18 | F7: -2 | G7: 0
B8: Depreciation net of disposals | C8: =-51+4 -> -47 | D8: =-66+28 -> -38 | E8: =-69+3 -> -66 | F8: =-90+12 -> -78 | G8: =-124+3 -> -121
B9: Closing Net Balance | C9: =SUM(C4:C8)+9+11 -> 670 | D9: =SUM(D4:D8) -> 845 | E9: =SUM(E4:E8) -> 1008 | F9: =SUM(F4:F8) -> 1199 | G9: =SUM(G4:G8) -> 1263
B12: Categories of Fixed Assets | C12: 2019 | D12: 2020 | E12: 2021 | F12: 2022 | G12: 2023
B13: Land | C13: 110 | D13: 111 | E13: 111 | F13: 50 | G13: 50
B14: Buildings | C14: 41 | D14: 43 | E14: 50 | F14: 49 | G14: 58
B15: Machinery & Equipment | C15: 427 | D15: 558 | E15: 680 | F15: 1033 | G15: 1199
B16: Vehicles | C16: 9 | D16: 10 | E16: 15 | F16: 26 | G16: 36
B17: Assets under lease | C17: 54 | D17: 63 | E17: 65 | F17: 239 | G17: 238
B18: Construction-in-progress | C18: 122 | D18: 191 | E18: 284 | F18: 77 | G18: 78
B19: Total Gross Fixed Assets | C19: =SUM(C13:C18) -> 763 | D19: =SUM(D13:D18) -> 976 | E19: =SUM(E13:E18) -> 1205 | F19: =SUM(F13:F18) -> 1474 | G19: =SUM(G13:G18) -> 1659
B21: Accumulated depreciation | C21: =-46+C8 -> -93 | D21: =C21+D8 -> -131 | E21: =D21+E8 -> -197 | F21: =E21+F8 -> -275 | G21: =F21+G8 -> -396
B22: Total Net Fixed Assets | C22: =C19+C21 -> 670 | D22: =D19+D21 -> 845 | E22: =E19+E21 -> 1008 | F22: =F19+F21 -> 1199 | G22: =G19+G21 -> 1263
B23: Revenue | C23: ='Income Statement'!C5 -> 1841 | D23: ='Income Statement'!D5 -> 1517 | E23: ='Income Statement'!E5 -> 4123 | F23: ='Income Statement'!F5 -> 3463 | G23: ='Income Statement'!G5 -> 2917
B24: Net Fixed Assets / Revenue | C24: =C22/C23 -> 0.36393265 | D24: =D22/D23 -> 0.55702044 | E24: =E22/E23 -> 0.24448217 | F24: =F22/F23 -> 0.34623159 | G24: =G22/G23 -> 0.43297909
B25: Average Net FA/Revenue | C25: =AVERAGE(C24,E24:G24) -> 0.34690637
B28: Weight calculations | C28: 2019 | D28: 2020 | E28: 2021 | F28: 2022 | G28: 2023 | H28: Usefull life
B29: Buildings | C29: =C14/SUM(C14:C17) -> 0.077212806 | D29: =D14/SUM(D14:D17) -> 0.06379822 | E29: =E14/SUM(E14:E17) -> 0.061728395 | F29: =F14/SUM(F14:F17) -> 0.036377134 | G29: =G14/SUM(G14:G17) -> 0.037883736 | H29: 20-35 years
B30: Machinery & Equipment | C30: =C15/SUM(C14:C17) -> 0.80414313 | D30: =D15/SUM(D14:D17) -> 0.82789318 | E30: =E15/SUM(E14:E17) -> 0.83950617 | F30: =F15/SUM(F14:F17) -> 0.76688938 | G30: =G15/SUM(G14:G17) -> 0.78314827 | H30: 5-40 years
B31: Vehicles | C31: =C16/SUM(C14:C17) -> 0.016949153 | D31: =D16/SUM(D14:D17) -> 0.014836795 | E31: =E16/SUM(E14:E17) -> 0.018518519 | F31: =F16/SUM(F14:F17) -> 0.019302153 | G31: =G16/SUM(G14:G17) -> 0.023514043 | H31: 4-15 years
B32: Assets under lease | C32: =C17/SUM(C14:C17) -> 0.10169492 | D32: =D17/SUM(D14:D17) -> 0.09347181 | E32: =E17/SUM(E14:E17) -> 0.080246914 | F32: =F17/SUM(F14:F17) -> 0.17743133 | G32: =G17/SUM(G14:G17) -> 0.15545395 | H32: 20-35 years
B33: Total | C33: =SUM(C29:C32) -> 1 | D33: =SUM(D29:D32) -> 1 | E33: =SUM(E29:E32) -> 1 | F33: =SUM(F29:F32) -> 1 | G33: =SUM(G29:G32) -> 1
B35: Depreciation rates | C35: Rates | D35: Avg. Lifetime
B36: Buildings | C36: =1/D36 -> 0.036363636 | D36: =(20+35)/2 -> 27.5
B37: Machinery & Equipment | C37: =1/D37 -> 0.044444444 | D37: =(5+40)/2 -> 22.5
B38: Vehicles | C38: =1/D38 -> 0.10526316 | D38: =(4+15)/2 -> 9.5
B39: Assets under lease | C39: =1/D39 -> 0.036363636 | D39: =(20+35)/2 -> 27.5
B41: Time period | C41: =C28 -> 2019 | D41: =D28 -> 2020 | E41: =E28 -> 2021 | F41: =F28 -> 2022 | G41: =G28 -> 2023
B42: Average depreciation rate | C42: =SUMPRODUCT(C29:C32,$C$36:$C$39) -> 0.044029551 | D42: =SUMPRODUCT(D29:D32,$C$36:$C$39) -> 0.04407593 | E42: =SUMPRODUCT(E29:E32,$C$36:$C$39) -> 0.044423442 | F42: =SUMPRODUCT(F29:F32,$C$36:$C$39) -> 0.043890631 | G42: =SUMPRODUCT(G29:G32,$C$36:$C$39) -> 0.044312214
B43: Overall weighted depreciation rate | C43: =AVERAGE(C42:G42) -> 0.044146354

Sheet Revenue
B2: Revenue Switch | C2: ='DFCFF Valuation'!C32 -> 3
B3: Years | C3: 2018 | D3: 2019 | E3: 2020 | F3: 2021 | G3: 2022 | H3: 2023 | I3: 2024E | J3: 2025E | K3: 2026E | L3: 2027E | M3: 2028E
B4: Revenue | C4: 2460 | D4: ='Income Statement'!$C$5 -> 1841 | E4: ='Income Statement'!$D$5 -> 1517 | F4: ='Income Statement'!$E$5 -> 4123 | G4: ='Income Statement'!$F$5 -> 3463 | H4: ='Income Statement'!$G$5 -> 2917 | I4: =H4*(1+I5) -> 2625.3 | J4: =I4*(1+J5) -> 2756.565 | K4: =J4*(1+K5) -> 3018.4387 | L4: =K4*(1+L5) -> 3320.2825 | M4: =L4*(1+M5) -> 3585.9051
B5: % change | C5: - | D5: =(D4/C4)-1 -> -0.25162602 | E5: =(E4/D4)-1 -> -0.17599131 | F5: =(F4/E4)-1 -> 1.7178642 | G5: =(G4/F4)-1 -> -0.16007761 | H5: =(H4/G4)-1 -> -0.15766676 | I5: =OFFSET(I5,$C$2,0) -> -0.1 | J5: =OFFSET(J5,$C$2,0) -> 0.05 | K5: =OFFSET(K5,$C$2,0) -> 0.095 | L5: =OFFSET(L5,$C$2,0) -> 0.1 | M5: =OFFSET(M5,$C$2,0) -> 0.08
B6: Conservative | I6: -0.2 | J6: -0.05 | K6: =J6-($I6-$M6)/(2028-2024) -> -0.0125 | L6: =K6-($I6-$M6)/(2028-2024) -> 0.025 | M6: -0.05
B7: Base | I7: =AVERAGE(I13,I18) -> -0.18362587 | J7: =AVERAGE(J13,J18) -> 0.010851492 | K7: =AVERAGE(K23,K13,K18) -> 0.069758775 | L7: =AVERAGE(L23,L13,L18) -> 0.067102302 | M7: =AVERAGE(M23,M13,M18) -> 0.0050368719
B8: Optimist | I8: -0.1 | J8: 0.05 | K8: =J8-($I8-$M8)/(2028-2024) -> 0.095 | L8: 0.1 | M8: 0.08
B10: Method 1: Historicals (average)
B11: Years | C11: 2018 | D11: 2019 | E11: 2020 | F11: 2021 | G11: 2022 | H11: 2023 | I11: 2024 | J11: 2025 | K11: 2026 | L11: 2027 | M11: 2028
B12: Revenue | C12: 2460 | D12: ='Income Statement'!$C$5 -> 1841 | E12: ='Income Statement'!$D$5 -> 1517 | F12: ='Income Statement'!$E$5 -> 4123 | G12: ='Income Statement'!$F$5 -> 3463 | H12: ='Income Statement'!$G$5 -> 2917 | I12: =AVERAGE(C12:H12) -> 2720.1667 | J12: =AVERAGE(D12:I12) -> 2763.5278 | K12: =AVERAGE(E12:J12) -> 2917.2824 | L12: =AVERAGE(F12:K12) -> 3150.6628 | M12: =AVERAGE(G12:L12) -> 2988.6066
B13: % change | C13: - | D13: =(D12/C12)-1 -> -0.25162602 | E13: =(E12/D12)-1 -> -0.17599131 | F13: =(F12/E12)-1 -> 1.7178642 | G13: =(G12/F12)-1 -> -0.16007761 | H13: =(H12/G12)-1 -> -0.15766676 | I13: =(I12/H12)-1 -> -0.067478003 | J13: =(J12/I12)-1 -> 0.015940608 | K13: =(K12/J12)-1 -> 0.055637085 | ... M13: =(M12/L12)-1 -> -0.051435589
B15: Method 2: Street estimates (no. of analysts = 6)
B16: Years | C16: 2018 | D16: 2019 | E16: 2020 | F16: 2021 | G16: 2022 | H16: 2023 | I16: 2024 | J16: 2025 | K16: 2026 | L16: 2027 | M16: 2028
B17: Revenue | C17: 2460 | D17: ='Income Statement'!$C$5 -> 1841 | E17: ='Income Statement'!$D$5 -> 1517 | F17: ='Income Statement'!$E$5 -> 4123 | G17: ='Income Statement'!$F$5 -> 3463 | H17: ='Income Statement'!$G$5 -> 2917 | I17: 2042.56 | J17: 2054.33 | K17: 2225.87 | L17: 2350
B18: % change | C18: - | D18: =(D17/C17)-1 -> -0.25162602 | E18: =(E17/D17)-1 -> -0.17599131 | F18: =(F17/E17)-1 -> 1.7178642 | G18: =(G17/F17)-1 -> -0.16007761 | H18: =(H17/G17)-1 -> -0.15766676 | I18: =(I17/H17)-1 -> -0.29977374 | J18: =(J17/I17)-1 -> 0.0057623766 | K18: =(K17/J17)-1 -> 0.083501677 | L18: =(L17/K17)-1 -> 0.055766959
B20: Method 3: Regression
B21: Years | C21: 2018 | D21: 2019 | E21: 2020 | F21: 2021 | G21: 2022 | H21: 2023 | I21: 2024 | J21: 2025 | K21: 2026 | L21: 2027 | M21: 2028
B22: Revenue | C22: 2460 | D22: ='Income Statement'!$C$5 -> 1841 | E22: ='Income Statement'!$D$5 -> 1517 | F22: ='Income Statement'!$E$5 -> 4123 | G22: ='Income Statement'!$F$5 -> 3463 | H22: ='Income Statement'!$G$5 -> 2917 | I22: =$C$25+($C$26*I21) -> 3695.8667 | J22: =$C$25+($C$26*J21) -> 3974.6381 | K22: =$C$25+($C$26*K21) -> 4253.4095 | L22: =$C$25+($C$26*L21) -> 4532.181 | M22: =$C$25+($C$26*M21) -> 4810.9524
B23: % change | C23: - | D23: =(D22/C22)-1 -> -0.25162602 | E23: =(E22/D22)-1 -> -0.17599131 | F23: =(F22/E22)-1 -> 1.7178642 | G23: =(G22/F22)-1 -> -0.16007761 | H23: =(H22/G22)-1 -> -0.15766676 | I23: =(I22/H22)-1 -> 0.26700948 | J23: =(J22/I22)-1 -> 0.075427891 | K23: =(K22/J22)-1 -> 0.070137563 | ... M23: =(M22/L22)-1 -> 0.061509333
B25: Intercept | C25: =INTERCEPT(C22:H22,C21:H21) -> -560537.5
B26: Slope | C26: =SLOPE(C22:H22,C21:H21) -> 278.77143
B27: R^2 | C27: =RSQ(C22:H22,C21:H21) -> 0.28059952
B28: Slope/Revenue 2023 | C28: =C26/H12 -> 0.095567853
B30: SUMMARY OUTPUT
B32: Regression Statistics
B33: Multiple R | C33: 0.52971645
B34: R Square | C34: 0.28059952
B35: Adjusted R Square | C35: -1.5
B36: Standard Error | C36: 933.63944
B37: Observations | C37: 1
B39: ANOVA
C40: df | D40: SS | E40: MS | F40: F | G40: Significance F
B41: Regression | C41: 6 | D41: 1359986.4 | E41: 226664.4 | F41: 1.5601853 | G41: #NUM!
B42: Residual | C42: 4 | D42: 3486730.4 | E42: 871682.6
B43: Total | C43: 10 | D43: 4846716.8
C45: Coefficients | D45: Standard Error | E45: t Stat | F45: P-value | G45: Lower 95% | H45: Upper 95% | I45: Lower 95.0% | J45: Upper 95.0%
B46: Intercept | I46: 7.291136e-304 | J46: 7.291136e-304
B47: Years | I47: -1.2921572e+152 | J47: 1.2921572e+152
B48: 2018 | I48: 65535 | J48: 65535
B49: 2019 | I49: 0 | J49: 0
B50: 2020 | I50: 7.291136e-304 | J50: 7.291136e-304
B51: 2021 | C51: -560537.5 | D51: 450940.43 | E51: -1.2430411 | F51: 0.28173723 | G51: -1812548.9 | H51: 691473.85 | I51: -1812548.9 | J51: 691473.85
B52: 2022 | C52: 278.77143 | D52: 223.18251 | E52: 1.2490738 | F52: 0.27974441 | G52: -340.88257 | H52: 898.42543 | I52: -340.88257 | J52: 898.42543
B53: 2023
B56: RESIDUAL OUTPUT | G56: PROBABILITY OUTPUT
B58: Observation | C58: Predicted Revenue | D58: Residuals | E58: Standard Residuals | G58: 50 | H58: 2460
B59: 1 | C59: 9.4010775e+154 | D59: -9.4010775e+154 | E59: #VALUE! | G59: Percentile | H59: Revenue

Sheet WACC & TV growth rate
B2: WACC = (% of equity x cost of equity) + (% of debt x cost of debt x (1 - Tax Rate))
B3: Cost of equity = Risk free rate + (Beta x Market Risk Premium)
B4: WACC calculation
B5: Market Cap (Current) | F5: {=_FV('DFCFF Valuation'!B2,"Market cap",TRUE)/1000000} -> 3654.0315
B6: % of Equity | F6: =F5/F15 -> 0.82576395
B7: Cost of Equity | F7: =F8+F9*F10 -> 0.1438
B8: Risk Free Rate | F8: 0.0311
B9: Beta | F9: 2.45
B10: Market Risk Premium (Implied ERP) | F10: 0.046
B11: Debt (Current) | F11: 771
B12: % of Debt | F12: =F11/F15 -> 0.17423605
B13: Cost of Debt | F13: =-AVERAGE('WACC & TV growth rate'!C24:G24) -> 0.12515759
B14: Tax Rate | F14: 0.25
B15: Total | F15: =F5+F11 -> 4425.0315
B16: WACC | F16: =(F6*F7)+(F12*F13*(1-F14)) -> 0.13510008
B18: Debt components | C18: 2019 | D18: 2020 | E18: 2021 | F18: 2022 | G18: 2023
B19: ABL | C19: ='Balance Sheet'!D32+'Balance Sheet'!D41 -> 98 | D19: ='Balance Sheet'!E32+'Balance Sheet'!E41 -> 128 | E19: ='Balance Sheet'!F32+'Balance Sheet'!F41 -> 84 | F19: ='Balance Sheet'!G32+'Balance Sheet'!G41 -> 69 | G19: ='Balance Sheet'!H32+'Balance Sheet'!H41 -> 53
B20: Mortgage payable | C20: 112 | D20: 110 | E20: 108 | F20: 106 | G20: 104
B21: Capital lease | C21: 47 | D21: 48 | E21: 44 | F21: 369 | G21: 364
B22: Total debt | C22: =SUM(C19:C21) -> 257 | D22: =SUM(D19:D21) -> 286 | E22: =SUM(E19:E21) -> 236 | F22: =SUM(F19:F21) -> 544 | G22: =SUM(G19:G21) -> 521
B23: Interest | C23: -26 | D23: -35 | E23: -33 | F23: -54 | G23: -85
B24: Interest / Total debt | C24: =C23/C22 -> -0.10116732 | D24: =D23/D22 -> -0.12237762 | E24: =E23/E22 -> -0.13983051 | F24: =F23/F22 -> -0.099264706 | G24: =G23/G22 -> -0.16314779
B26: Canadian GDP forecasted growth rate (2024-2029)
B27: ='DFCFF Valuation'!C7 -> 2024 E | C27: ='DFCFF Valuation'!D7 -> 2025 E | D27: ='DFCFF Valuation'!E7 -> 2026 E | E27: ='DFCFF Valuation'!F7 -> 2027 E | F27: ='DFCFF Valuation'!G7 -> 2028 E
B28: 0.0115 | C28: 0.0231 | D28: 0.0186 | E28: 0.0168 | F28: 0.0168
B29: Long-term FCF growth | F29: =AVERAGE(B28:F28) -> 0.01736

Sheet Strengths & Weaknesses
C2: STRENGTHS of DCF Valuations
B3: 1 | C3: In the DCF model, we have provided Revenue switch in the Income sheet which can be adjusted as per requirement or expectations. Revenue switch 1: implies Conservative growth revenue scenario, Revenue Switch 2: implies Base growth revenue scenario which is the average of the Historical revenue growth and the Street estimate growth rate by 6 analysts and Revenue switch 3: implies the Optimistic revenue growth rate. Thus, rendering entire model more dynamic.
B6: 2 | C6: While calculating several forecasted growth rate values, I have removed some years data which showed extreme deviation from other years to make the entire growth more accurate and conservative for projections.
B7: 3 | C7: I have considered all the information in detail from the annual reports regarding any expected changes in past and future values such as Share repurchase during 2024 which was mentioned in the 2023 annual report.
B8: 4 | C8: I have taken the Terminal growth rate as the GDP forecasted growth, because based on the size and age of the company it should have terminal growth rate almost in line with the GDP Growth rate and the canadian steel industry growth rate is also in line with the GDP projections. Industry growth rate taken from CFRA Equity Research report from S&P Capital IQ.
B10: 5 | C10: I have included the street estimates in revenue projections (street estimates are the revenue estimates performed by various Invesment funds who have more detailed information than a retail investor like me. Street estimates are included in the Revenue Switch 2 in the Income sheet.
C13: WEAKNESSES of DCF Valuations
B14: 1 | C14: Although I have made very conservative revenue forecasts, there can always be changes in the assumptions such as massive change in the future capital structure rendering the WACC value incorrect for DCF because changes in the weights, thus, causing massive changes in the fair value. Same goes with the revenue growth for the explicit and implicit period.
B16: 2 | C16: Also, any drastic changes in the revenue forecasted growth rate can entirely render different fair value of the stock.
B17: 3 | C17: Cost of Equity is calculated using the CAPM model which assumed that the market are efficient and investor are rational, therefore, this Cost of equity method has its own limitions.
